 Dungeon Crawl Stone Soup version 0.23.2-1-ga50397a6bc (webtiles) character file.

Game seed: 9987291596811012182

98 Mrkan the Charmwright (level 4, 0/38 HPs)
             Began as a Gnoll Skald on May 19, 2019.
             Slain by Grinder (8 damage)
             ... while paralysed by Grinder
             ... on level 3 of the Dungeon.
             The game lasted 00:07:45 (2804 turns).

Mrkan the Charmwright (Gnoll Skald)                 Turns: 2804, Time: 00:07:46

Health: 0/38       AC:  3    Str: 13    XL:     4   Next: 69%
Magic:  1/11       EV:  2    Int: 16    God:
Gold:   137        SH:  0    Dex: 15    Spells: 9/13 levels left

rFire    . . .     SeeInvis .   a - +0 spear
rCold    . . .     Gourm    .   (no shield)
rNeg     . . .     Faith    .   b - +0 leather armour
rPois    .         Spirit   .   (no helmet)
rElec    .         Reflect  .   (no cloak)
rCorr    .         Harm     .   (no gloves)
MR       .....                  (no boots)
Stlth    ++........             (no amulet)
HPRegen  0.12/turn              (no ring)
MPRegen  0.12/turn              (no ring)

@: paralysed, infused
A: distributed training, fangs 1, strong nose
a: no special abilities


You were on level 3 of the Dungeon.
You were hungry.

You visited 1 branch of the dungeon, and saw 3 of its levels.

You collected 137 gold pieces.

Inventory:

Hand Weapons
 a - a +0 spear (weapon)
Armour
 b - a +0 leather armour (worn)
Jewellery
 j - an uncursed amulet of magic regeneration {unknown}
 l - an uncursed ring of magical power {unknown}
Scrolls
 c - 2 scrolls of identify {unknown}
 g - a scroll of magic mapping {unknown}
 h - 2 scrolls of blinking {unknown}
 i - 2 scrolls of enchant armour {unknown}
 n - a scroll of remove curse {unknown}
 p - a scroll of amnesia {unknown}
 r - a scroll of fog {unknown}
Potions
 e - a potion of might {unknown}
 f - a potion of heal wounds {unknown}
 k - a potion of degeneration {unknown}
 m - a potion of mutation {unknown}
 o - 2 potions of curing {unknown}
Comestibles
 d - 3 rations


   Skills:
 + Level 4.6 Fighting
 + Level 1.2 Short Blades
 + Level 1.2 Long Blades
 + Level 1.2 Axes
 + Level 1.2 Maces & Flails
 + Level 4.6 Polearms
 + Level 1.2 Staves
 + Level 1.2 Slings
 + Level 1.2 Bows
 + Level 1.2 Crossbows
 + Level 1.2 Throwing
 + Level 2.8 Armour
 + Level 4.6 Dodging
 + Level 1.2 Stealth
 + Level 1.2 Shields
 + Level 1.2 Unarmed Combat
 + Level 5.1 Spellcasting
 + Level 1.0 Conjurations
 + Level 1.0 Hexes
 + Level 5.5 Charms
 + Level 1.0 Summonings
 + Level 1.0 Necromancy
 + Level 1.0 Translocations
 + Level 1.0 Transmutations
 + Level 1.0 Fire Magic
 + Level 1.0 Ice Magic
 + Level 1.0 Air Magic
 + Level 1.0 Earth Magic
 + Level 1.0 Poison Magic
 + Level 1.3 Invocations
 + Level 1.2 Evocations


You had 9 spell levels left.
You knew the following spells:

 Your Spells              Type           Power        Failure   Level  Hunger
a - Infusion              Chrm           ###.         1%          1    None
b - Spectral Weapon       Hex/Chrm       ##......     16%         3    ###....

Your spell library contained the following spells:

 Spells                   Type           Power        Failure   Level  Hunger
 Song of Slaying          Chrm           ###.....     3%          2    #......
 Shroud of Golubria       Chrm/Tloc      ##........   8%          2    #......
 Regeneration             Chrm/Necr      ##........   16%         3    ###....


Dungeon Overview and Level Annotations

Branches:
Dungeon (3/15)

Altars:
Cheibriados
Sif Muna
The Shining One

Annotations:
D:3 Grinder


Innate Abilities, Weirdness & Mutations

Your experience applies equally to all skills.
You have very sharp teeth.
Your uncanny sense of smell can sniff out nearby items.


Message History

Confirm with . or Enter, or press ? or * to list all spells.
You extend your infusion's duration.
Casting: Infusion (safe; 1% risk of failure)
Confirm with . or Enter, or press ? or * to list all spells.
You extend your infusion's duration.
Grinder barely misses you.
You hit Grinder. You bite Grinder, but do no damage.
Grinder is severely wounded.
Grinder hits you.
You writhe in agony.
You closely miss Grinder.
Grinder is severely wounded.
Grinder gestures at you.
You suddenly lose the ability to move!
Grinder hits you!
* * * LOW HITPOINT WARNING * * *
You writhe in agony.
* * * LOW HITPOINT WARNING * * *
Grinder hits you but does no damage. Grinder hits you!
You die...

#...# #...#
#...# ....#
#..... #....#
#..# #########
#..#######
#..5@...#
#..#......
#.#####.#
#..#(#####
#.####.....####
#...........##.
######.....###.
#..#.####.
#........$
##........
########.


You could see Grinder.

Vanquished Creatures
  4 gnolls
  An adder (D:2)
  An orc (D:3)
  5 bats
  2 giant cockroaches (D:2)
  6 goblins
  7 hobgoblins
  7 kobolds
  7 frilled lizards
  10 rats
50 creatures vanquished.

Notes
Turn   | Place    | Note
-------+----------+-------------------------------------------
     0 | D:1      | Mrkan the Gnoll Skald began the quest for the Orb.
     0 | D:1      | Reached XP level 1. HP: 20/20 MP: 6/6
   177 | D:1      | Reached XP level 2. HP: 22/26 MP: 7/7
   733 | D:2      | Reached skill level 5 in Spellcasting
   733 | D:2      | Reached XP level 3. HP: 29/31 MP: 7/9
   964 | D:2      | Found a faded altar of an unknown god.
   964 | D:2      | Found a deep blue altar of Sif Muna.
   969 | D:2      | Found a snail-covered altar of Cheibriados.
   971 | D:2      | Found a glowing golden altar of the Shining One.
   972 | D:2      | Found a faded altar of an unknown god.
  1044 | D:2      | Reached skill level 1 in Invocations
  1556 | D:3      | Reached skill level 1 in Short Blades
  1556 | D:3      | Reached skill level 1 in Long Blades
  1556 | D:3      | Reached skill level 1 in Axes
  1556 | D:3      | Reached skill level 1 in Maces & Flails
  1556 | D:3      | Reached skill level 1 in Staves
  1556 | D:3      | Reached skill level 1 in Slings
  1556 | D:3      | Reached skill level 1 in Bows
  1556 | D:3      | Reached skill level 1 in Crossbows
  1556 | D:3      | Reached skill level 1 in Throwing
  1556 | D:3      | Reached skill level 1 in Stealth
  1556 | D:3      | Reached skill level 1 in Shields
  1556 | D:3      | Reached skill level 1 in Unarmed Combat
  1556 | D:3      | Reached skill level 1 in Evocations
  1556 | D:3      | Reached XP level 4. HP: 15/38 MP: 11/11
  2420 | D:3      | Reached skill level 1 in Conjurations
  2420 | D:3      | Reached skill level 1 in Hexes
  2420 | D:3      | Reached skill level 1 in Summonings
  2420 | D:3      | Reached skill level 1 in Necromancy
  2420 | D:3      | Reached skill level 1 in Translocations
  2420 | D:3      | Reached skill level 1 in Transmutations
  2420 | D:3      | Reached skill level 1 in Fire Magic
  2420 | D:3      | Reached skill level 1 in Ice Magic
  2420 | D:3      | Reached skill level 1 in Air Magic
  2420 | D:3      | Reached skill level 1 in Earth Magic
  2420 | D:3      | Reached skill level 1 in Poison Magic
  2601 | D:2      | Learned a level 3 spell: Spectral Weapon
  2643 | D:3      | Noticed Grinder
  2801 | D:3      | Paralysed by Grinder for 7 turns
  2804 | D:3      | Slain by Grinder

Skill      XL: |  1  2  3  4 |
---------------+-------------+-----
Spellcasting   | 5 |  5.1
Invocations    | 1 |  1.3
Short Blades   | 1 |  1.2
Long Blades    | 1 |  1.2
Axes           | 1 |  1.2
Maces & Flails | 1 |  1.2
Staves         | 1 |  1.2
Slings         | 1 |  1.2
Bows           | 1 |  1.2
Crossbows      | 1 |  1.2
Throwing       | 1 |  1.2
Stealth        | 1 |  1.2
Shields        | 1 |  1.2
Unarmed Combat | 1 |  1.2
Evocations     | 1 |  1.2
Conjurations   | 1 |  1.0
Hexes          | 1 |  1.0
Summonings     | 1 |  1.0
Necromancy     | 1 |  1.0
Translocations | 1 |  1.0
Transmutations | 1 |  1.0
Fire Magic     | 1 |  1.0
Ice Magic      | 1 |  1.0
Air Magic      | 1 |  1.0
Earth Magic    | 1 |  1.0
Poison Magic   | 1 |  1.0
Fighting       | |  4.6
Polearms       | |  4.6
Armour         | |  2.8
Dodging        | |  4.6
Charms         | |  5.5

Action                   |  1- 3 |  4- 6 || total
-------------------------+-------+-------++-------
Melee: Spear             |   136 |    66 ||   202
       Bite              |    15 |     8 ||    23
       Punch             |       |     1 ||     1
 Cast: Infusion          |       |    15 ||    15
 Stab: Sleeping          |     1 |       ||     1
  Eat: Ration            |     1 |       ||     1
       Chunk             |       |     2 ||     2
Armor: Leather armour    |    22 |     5 ||    27
Dodge: Dodged            |    93 |    32 ||   125
